 Dungeon Crawl Stone Soup version 0.20-a0-537-g052e6ba (webtiles) character file.

232334 tsouns the Imperceptible (level 18, -3/93 HPs)
             Began as a Spriggan Wizard on Jan 24, 2017.
             Was the Champion of Dithmenos.
             Slain by a deep troll shaman (18 damage)
             ... led by an ironheart preserver
             ... on level 1 of the Vaults on Jan 27, 2017.
             The game lasted 03:56:43 (49760 turns).

tsouns the Imperceptible (Spriggan Wizard)         Turns: 49760, Time: 03:56:44

Health: -3/93      AC:  9    Str:  3    XL:     18   Next: 82%
Magic:  29/41      EV: 24    Int: 33    God:    Dithmenos [******]
Gold:   1840       SH: 10    Dex: 14    Spells: 0/53 levels left

rFire    + + .     SeeInvis +   g - +5 quick blade "Fuguicso" {pain, rElec rPois rF++}
rCold    + . .     Gourm    .   u - +2 robe {MR+}
rNeg     . . .     Faith    .   E - +3 buckler {rC+}
rPois    +         Spirit   .   M - +2 hat
rElec    +         Reflect  .   K - +2 cloak {rPois}
rCorr    .         Harm     .   (gloves unavailable)
MR       ++++.                  (boots unavailable)
Stlth    ++++++++++             O - amulet of regeneration
Regen    0.7/turn               v - +5 ring of intelligence
                                H - ring of wizardry

@: wreathed by umbra, very quick
A: unfitting armour, hooves 1, see invisible, herbivore 3, speed 3, slow
metabolism 2
}: 1/15 runes: decaying
a: Shadow Step, Shadow Form, Renounce Religion


You were on level 1 of the Vaults.
You worshipped Dithmenos.
Dithmenos was exalted by your worship.
You were not hungry.

You visited 8 branches of the dungeon, and saw 33 of its levels.
You also visited: Ossuary, Bailey and Desolation.

You collected 3611 gold pieces.
You spent 1771 gold pieces at shops.

Inventory:

Hand Weapons
 g - the +5 quick blade "Fuguicso" (weapon) {pain, rElec rPois rF++}
   (You bought it in a shop on level 2 of the Orcish Mines)

   In the hands of one skilled in necromantic magic, it inflicts extra damage on
   living creatures.
   It greatly protects you from fire.
   It insulates you from electricity.
   It protects you from poison.
 k - a +2 rapier of electrocution
 m - a +9 short sword of holy wrath
 F - a +1 blowgun
 P - a +0 demon blade of venom
Missiles
 Q - 47 tomahawks of returning (quivered)
 V - 6 needles of sleeping
 X - 12 curare-tipped needles
Armour
 u - a +2 robe of magic resistance (worn)
 E - a +3 buckler of cold resistance (worn)
 K - a +2 cloak of poison resistance (worn)
 M - a +2 hat (worn)
Jewellery
 s - the ring "Voeh" {Fire rPois Str+5 Dex+3}
   (You took it off a deep elf mage on level 2 of the Elven Halls)

   [ring of fire]

   It enhances your fire magic.
   It affects your strength (+5).
   It affects your dexterity (+3).
   It protects you from fire.
   It makes you vulnerable to cold.
   It protects you from poison.
 t - a +4 amulet of reflection
 v - a +5 ring of intelligence (right hand)
 H - a ring of wizardry (left hand)
 O - an amulet of regeneration (around neck)
Wands
 n - a wand of digging (15/24)
 y - a wand of polymorph (7/24)
 C - a wand of paralysis (24/24)
 G - a wand of confusion (18/48)
 I - a wand of lightning (3/15)
 S - a wand of iceblast (1/15)
Scrolls
 c - 5 scrolls of fear
 h - a scroll of magic mapping
 p - 3 scrolls of identify
 A - 14 scrolls of remove curse
 L - a scroll of blinking
 N - 4 scrolls of recharging
 U - 5 scrolls of teleportation
 Y - 3 scrolls of fog
Potions
 e - 3 potions of cancellation
 f - 4 potions of ambrosia
 j - 4 potions of haste
 o - 3 potions of magic
 q - 6 potions of curing
 r - 4 potions of agility
 x - a potion of cure mutation
 z - 5 potions of resistance
 B - 3 potions of brilliance
 D - 4 potions of invisibility
Books
 l - the Handbook of Unstable Conjuration
   (You found it in the Desolation of Salt)

   Spells                             Type                      Level
   a - Throw Flame                    Conjuration/Fire             2
   b - Dazzling Spray                 Conjuration/Hexes            3
   c - Bolt of Cold                   Conjuration/Ice              6
   d - Conjure Ball Lightning         Conjuration/Air              6
   e - Dragon Form                    Transmutation                7
 J - a book of Misfortune

   Spells                             Type                      Level
   a - Confusing Touch                Hexes                        1
   b - Confuse                        Hexes                        3
   c - Gell's Gravitas                Hexes/Translocation          3
   d - Petrify                        Transmutation/Earth          4
   e - Metabolic Englaciation         Hexes/Ice                    5
   f - Yara's Violent Unravelling     Hexes/Transmutation          5
Miscellaneous
 a - a box of beasts
 b - a fan of gales (inert)
 w - a sack of spiders
 T - a lightning rod (4/4)
 W - 2 phantom mirrors
Comestibles
 d - 13 bread rations
 i - 21 fruits
 R - 7 royal jellies


   Skills:
 - Level 9.8 Fighting
 + Level 9.5 Short Blades
 + Level 10.2 Dodging
 * Level 22.2 Stealth
 - Level 7.3 Shields
 + Level 18.0 Spellcasting
 - Level 9.0 Conjurations
 - Level 3.4 Hexes
 - Level 3.3 Charms
 - Level 7.1 Summonings
 - Level 7.8 Necromancy
 - Level 2.4 Translocations
 - Level 3.5 Ice Magic
 - Level 4.6 Air Magic
 - Level 1.3 Poison Magic
 - Level 8.1 Invocations
 - Level 6.2 Evocations


You couldn't memorise any spells.
You knew the following spells:

 Your Spells              Type           Power        Failure   Level  Hunger
a - Magic Dart            Conj           ####         1%          1    None
b - Blink                 Tloc           N/A          1%          2    None
c - Call Imp              Summ           ######..     1%          2    None
d - Repel Missiles        Chrm/Air       ######       1%          2    None
e - Iskenderun's Mystic   Conj           ######..     1%          4    None
f - Mephitic Cloud        Conj/Pois/Air  ######..     1%          3    None
g - Slow                  Hex            ######..     1%          2    None
h - Venom Bolt            Conj/Pois      ######....   1%          5    None
i - Orb of Destruction    Conj           ######....   12%         7    ###....
j - Spellforged Servitor  Conj/Summ      ######....   16%         7    ###....
k - Dazzling Spray        Conj/Hex       ######       1%          3    None
l - Freezing Cloud        Conj/Ice/Air   ######....   9%          6    None
m - Simulacrum            Ice/Necr       ######....   9%          6    None
n - Confuse               Hex            ######..     1%          3    None


Dungeon Overview and Level Annotations

Branches:
Dungeon (15/15)            Temple (1/1) D:4            Lair (6/6) D:9
  Swamp (4/4) Lair:4        Snake (1/4) Lair:2        Slime (0/5) Lair:5
    Orc (2/2) D:10            Elf (3/3) Orc:2        Vaults (1/5) D:14
 Depths (0/5) D:15

Altars:
Ashenzari
Cheibriados
Dithmenos
Elyvilon
Fedhas
Gozag
Hepliaklqana
Kikubaaqudgha
Makhleb
Nemelex Xobeh
Okawaru
Qazlal
Ru
Sif Muna
Trog
Uskayaw
Vehumet
Xom
Yredelemnul
Zin
The Shining One
Jiyva

Shops:
D:4 ?   D:13 =(   Orc:2 (=[*   Elf:2 *

Portals:
Trove: D:12 (give +5 demon trident)

Annotations:
D:8 Gastronok
Elf:2 3 runed doors


Innate Abilities, Weirdness & Mutations

You are very small and have problems with some larger weapons.
You are too small for most types of armour.
You have supernaturally acute eyesight. (SInv)
You are a herbivore.
You cover ground extremely quickly.
You need consume almost no food.
You have large cloven feet.


Message History

Evoke which item? (* to show all) (? for menu, Esc to quit)
Aiming: Confuse (will waste charges)
Press: ? - help, Shift-Dir - straight line, f/p - deep troll shaman
Aim: a deep troll shaman (severely wounded, fast, umbra, chance to defeat MR: 47%)
The deep troll shaman resists with some effort.
Evoking this partially-identified wand wasted a few charges.
You block the deep troll shaman's attack.
The deep troll shaman misses you. x2
Evoke which item? (* to show all) (? for menu, Esc to quit)
A fierce wind blows from the fan.
The deep troll shaman is blown away by the wind.
Magic courses through your body. The deep troll shaman bites you!
* * * LOW HITPOINT WARNING * * *
You emit a cloud of dark smoke.
The deep troll shaman barely misses you.
You block the deep troll shaman's attack.
The deep troll shaman closely misses you.
The deep troll shaman claws you but does no damage.
The deep troll shaman claws you!!
You die...

........# ..#..# ........# .#..#
........# '..# ........# #..#
######))# #..# .....#[.# #).#
.....[..# #..# .....#..# #T§#
.....#..########@§#
.....#.........§§.#
.....#)...........#
######......(.....# #####
..................# ##..∩##
...[..............# ##..[..##
####'###########'########.......#
#......# #.........##..#####..
##....#### #.........#...#...#..


You could see a deep troll shaman.

Vanquished Creatures
  A tentacled monstrosity (Swamp:4)
  Rupert (Lair:4)
  A thorn hunter (Swamp:2)
  Donald (Swamp:3)
  2 deep elf sorcerers (Elf:1)
  2 orc warlords
  An imperial myrmidon (Desolation)
  Louise (Swamp:3)
  2 ironheart preservers (Vaults:1)
  A deep elf demonologist (Elf:1)
  3 very ugly things
  A deep elf annihilator (Elf:2)
  2 halazid warlocks (Desolation)
  The ghost of stickyfingers the Basher, a journeyman TeAK of Lugonu (Lair:4)
  A fire dragon (Lair:6)
  2 green deaths (Swamp:4)
  6 servants of whispers (Desolation)
  7 ragged hierophants (Desolation)
  2 catoblepae
  Harold (D:12)
  A vault guard (D:14)
  9 peacekeepers
  22 hydras
  Erica (Lair:2)
  3 centaur warriors
  A death knight (Vaults:1)
  6 two-headed ogres
  13 dancing weapons
  13 alligators
  A vampire mage (D:15)
  2 ogre magi
  A deep troll shaman (Vaults:1)
  4 tengu warriors
  A thrashing horror (Swamp:4)
  Sonja (Lair:3)
  A naga sharpshooter (Snake:1)
  5 orc high priests
  11 deep elf knights
  A fire crab (Lair:6)
  A fire crab (shapeshifter) (D:15)
  A shock serpent (Snake:1)
  Nergalle (Lair:4)
  3 skeletal warriors
  A sea snake (Snake:1)
  A spriggan druid (Swamp:4)
  A large abomination (Swamp:4)
  A deep troll (Vaults:1)
  2 ironbrand convokers (Desolation)
  Pikel (D:7)
  A tengu zombie (D:15)
  An unseen horror (D:14)
  8 deep elf archers
  7 swamp dragons
  5 necromancers
  A wizard (D:14)
  A sphinx zombie (D:15)
  6 shambling mangroves
  5 orc knights
  A wolf spider zombie (D:14)
  A mana viper (Snake:1)
  7 orc sorcerers
  48 deep elf magi
  2 cyclopes
  An oklob plant (D:15)
  3 manticores
  7 elephants
  5 ugly things (Swamp:4)
  2 naga magi (Snake:1)
  Maurice (D:9)
  A vault sentinel (Vaults:1)
  A spriggan zombie (D:15)
  8 black mambas
  A guardian serpent (Vaults:1)
  A stone giant skeleton (D:15)
  3 molten gargoyles (Lair:6)
  3 gargoyles
  22 spiny frogs
  Psyche (D:9)
  A rime drake (Lair:3)
  11 komodo dragons
  An efreet (D:15)
  3 kobold demonologists (D:12)
  An entropy weaver simulacrum (Vaults:1)
  A tengu conjurer (D:14)
  8 trolls
  4 tyrant leeches
  25 hornets
  44 saltlings
  31 slime creatures
  7 blink frogs
  8 hippogriffs
  11 bog bodies
  8 dream sheep
  3 air elementals
  8 spriggans
  7 shadows
  A tarantella (shapeshifter) (D:14)
  A spriggan (shapeshifter) (D:15)
  A water elemental (Elf:1)
  32 yaks
  7 basilisks
  4 wyverns
  An ice dragon skeleton (Vaults:1)
  A fire elemental (Elf:2)
  A hungry ghost (D:7)
  20 humans (D:14)
  27 vampire mosquitoes
  2 steam dragons
  Grum (D:9)
  Menkaure (D:5)
  6 insubstantial wisps
  A naga (Lair:2)
  A soldier ant (D:13)
  2 acid dragons
  15 swamp worms
  2 wargs
  22 water moccasins
  18 porcupines
  A meliai simulacrum (D:15)
  4 hell hounds (Lair:6)
  10 swamp drakes
  3 sky beasts
  4 ice beasts
  44 orc warriors
  A black bear (D:9)
  6 necrophages
  A phantom (D:5)
  8 centaurs
  A slave (D:7)
  18 ogres
  17 wolves
  10 crocodiles
  An orc skeleton (Vaults:1)
  7 big kobolds
  15 bullfrogs
  An elf zombie (Ossuary)
  A human skeleton (Vaults:1)
  2 wyvern zombies
  A wyvern skeleton (D:15)
  6 scorpions
  13 killer bees
  5 howler monkeys
  12 electric eels
  3 lava snakes (Lair:6)
  6 crimson imps
  2 bullfrog zombies
  7 centaur zombies
  7 jellies
  4 quasits
  8 centaur skeletons
  4 hounds
  25 orc priests
  A human zombie (Ossuary)
  9 iguanas
  35 orc wizards
  8 worker ants
  A big kobold zombie (Ossuary)
  An ogre zombie (Ossuary)
  2 hound skeletons
  5 mummies (Ossuary)
  2 worker ant zombies
  2 howler monkey skeletons
  9 gnolls
  19 adders
  4 shadow imps
  8 oozes
  6 adder zombies (Ossuary)
  A dart slug (D:4)
  5 leopard geckos
  113 orcs
  4 giant cockroaches
  10 goblins
  12 hobgoblins
  6 jackals
  6 quokkas
  3 ball pythons
  12 bats
  2 frilled lizards
  A gnoll zombie (Ossuary)
  3 goblin zombies
  2 hobgoblin zombies (Ossuary)
  A jackal skeleton (D:8)
  46 kobolds
  4 kobold zombies (Ossuary)
  A leopard gecko zombie (D:8)
  3 quokka zombies
  8 rats
  5 rat zombies (Ossuary)
  A fungus (D:9)
1271 creatures vanquished.

Vanquished Creatures (collateral kills)
  A crystal guardian (Desolation)
  4 ragged hierophants (Desolation)
  3 peacekeepers (Desolation)
  17 saltlings (Desolation)
  A wraith (D:8)
  Edmund (D:6)
  An ice beast (D:4)
  A wolf (Lair:5)
  An ogre zombie (Ossuary)
  2 mummies (Ossuary)
  A gnoll (D:4)
  An adder (Lair:2)
  2 worms
  3 orcs
39 creatures vanquished.

Vanquished Creatures (others)
  A peacekeeper (Desolation)
  A wizard (D:7)
  An orc knight (D:15)
  2 dream sheep (Lair:4)
  Eustachio (D:6)
  A centaur (D:13)
  A kobold (D:11)
  3 bushes
  15 fungi
  41 plants
  A withered plant (D:15)
68 creatures vanquished.

Grand Total: 1378 creatures vanquished

Notes
Turn   | Place    | Note
-------+----------+-------------------------------------------
     0 | D:1      | tsouns the Spriggan Wizard began the quest for the Orb.
     0 | D:1      | Reached XP level 1. HP: 9/9 MP: 6/6
    97 | D:1      | Reached skill level 1 in Conjurations
   162 | D:1      | Reached XP level 2. HP: 12/13 MP: 0/8
   366 | D:1      | You fall through a shaft!
  1015 | D:1      | Reached XP level 3. HP: 16/16 MP: 4/9
  1029 | D:1      | Reached skill level 4 in Stealth
  1033 | D:1      | Learned a level 2 spell: Blink
  1036 | D:1      | Learned a level 2 spell: Call Imp
  1039 | D:1      | Learned a level 2 spell: Repel Missiles
  1138 | D:1      | Learned a level 3 spell: Conjure Flame
  1481 | D:2      | Reached XP level 4. HP: 21/21 MP: 4/11
  1856 | D:2      | Reached skill level 1 in Summonings
  2596 | D:3      | Reached skill level 5 in Stealth
  3045 | D:4      | Reached XP level 5. HP: 24/24 MP: 0/13
  3164 | D:4      | Noticed a phantom
  3258 | D:3      | Reached skill level 5 in Spellcasting
  3414 | D:4      | Learned a level 3 spell: Mephitic Cloud
  3950 | D:4      | Found a staircase to the Ecumenical Temple.
  3960 | Temple   | Entered the Ecumenical Temple
  4072 | Temple   | Became a worshipper of Dithmenos the Shadowed
  4258 | D:4      | Noticed an ice beast
  4424 | D:4      | Found Gaz Ter's Magic Scroll Shop.
  4451 | D:4      | HP: 1/24 [ice beast (10)]
  4452 | D:4      | Killed an ice beast
  4452 | D:4      | Reached skill level 6 in Stealth
  4452 | D:4      | Reached XP level 6. HP: 2/28 MP: 2/15
  4548 | D:4      | Bought a scroll of identify for 20 gold pieces
  4548 | D:4      | Bought a scroll of identify for 20 gold pieces
  4548 | D:4      | Bought a scroll of identify for 20 gold pieces
  4548 | D:4      | Bought a scroll of enchant armour for 75 gold pieces
  4548 | D:4      | Bought a scroll of identify for 20 gold pieces
  4548 | D:4      | Bought a scroll of torment for 75 gold pieces
  4766 | D:5      | Entered Level 5 of the Dungeon
  4767 | D:5      | Noticed an ice beast
  4783 | D:5      | Killed an ice beast
  4911 | D:5      | Noticed an ice beast
  4934 | D:5      | Killed an ice beast
  4934 | D:5      | Reached XP level 7. HP: 23/32 MP: 11/16
  4938 | D:5      | Learned a level 2 spell: Slow
  5129 | D:5      | Noticed Menkaure
  5253 | D:6      | Noticed Edmund
  5291 | D:6      | Killed Edmund
  5291 | D:6      | Reached skill level 7 in Stealth
  5615 | D:6      | Found a sand-covered staircase.
  5623 | Ossuary  | Entered an ossuary
  5711 | Ossuary  | Reached * piety under Dithmenos
  5787 | Ossuary  | Reached skill level 1 in Short Blades
  6075 | Ossuary  | Reached skill level 8 in Stealth
  6388 | Ossuary  | Reached XP level 8. HP: 36/36 MP: 19/19
  7279 | D:6      | Reached ** piety under Dithmenos
  7495 | D:6      | Noticed Eustachio
  7505 | D:6      | Killed Eustachio
  7645 | D:7      | Noticed Pikel
  7835 | D:7      | Found a bloodstained altar of Trog.
  7837 | D:7      | Noticed a wizard
  7845 | D:7      | Killed a wizard
  8219 | D:7      | Reached XP level 9. HP: 36/39 MP: 11/23
  8286 | D:7      | Killed Pikel
  8392 | D:7      | Reached skill level 10 in Spellcasting
  8854 | D:7      | Reached skill level 5 in Short Blades
  8911 | D:8      | Noticed Gastronok
  9298 | D:8      | Reached *** piety under Dithmenos
  9302 | D:8      | Noticed a two-headed ogre
  9367 | D:8      | Killed a two-headed ogre
  9367 | D:8      | Reached skill level 1 in Fighting
  9367 | D:8      | Reached skill level 9 in Stealth
  9762 | D:8      | Noticed a two-headed ogre
  9847 | D:8      | Killed a two-headed ogre
  9847 | D:8      | Reached skill level 5 in Dodging
  9847 | D:8      | Reached XP level 10. HP: 43/46 MP: 1/26
 10883 | D:9      | Noticed a skeletal warrior
 11253 | D:5      | Killed Menkaure
 11415 | D:5      | Reached **** piety under Dithmenos
 11429 | D:5      | Reached skill level 12 in Stealth
 11429 | D:5      | Reached XP level 11. HP: 49/54 MP: 23/27
 12104 | D:10     | Entered Level 10 of the Dungeon
 12424 | D:10     | Found a staircase to the Orcish Mines.
 12639 | D:10     | Found a flagged portal.
 12687 | D:10     | Reached ***** piety under Dithmenos
 12701 | Bailey   | Entered a bailey
 12917 | Bailey   | Noticed an orc knight
 12926 | Bailey   | Killed an orc knight
 12928 | Bailey   | Noticed an orc knight
 13229 | Bailey   | Killed an orc knight
 13229 | Bailey   | Reached skill level 5 in Fighting
 14117 | D:10     | HP: 1/55 [electric eel/bolt of electricity (11)]
 14551 | D:11     | Reached skill level 1 in Hexes
 14736 | D:11     | Reached skill level 1 in Poison Magic
 14953 | D:11     | Reached skill level 1 in Air Magic
 15460 | D:9      | Found a staircase to the Lair.
 15473 | Lair:1   | Entered Level 1 of the Lair of Beasts
 15493 | D:9      | Reached skill level 1 in Charms
 15609 | D:9      | Reached skill level 1 in Invocations
 15609 | D:9      | Reached skill level 1 in Evocations
 15609 | D:9      | Reached XP level 12. HP: 60/60 MP: 29/29
 15956 | Lair:1   | Reached skill level 13 in Stealth
 17200 | Lair:2   | Found a staircase to the Snake Pit.
 17361 | Lair:2   | Learned a level 4 spell: Iskenderun's Mystic Blast
 17367 | Lair:2   | Learned a level 5 spell: Venom Bolt
 17375 | Lair:2   | Learned a level 7 spell: Orb of Destruction
 17383 | Lair:2   | Learned a level 7 spell: Spellforged Servitor
 17458 | Lair:2   | Noticed Erica
 17465 | Lair:2   | Killed Erica
 17465 | Lair:2   | Reached skill level 1 in Shields
 18220 | Lair:3   | Reached ****** piety under Dithmenos
 18620 | Lair:3   | Noticed Sonja
 18624 | Lair:3   | Killed Sonja
 18776 | Lair:3   | You fall through a shaft!
 19012 | Lair:4   | Reached skill level 14 in Stealth
 19030 | Lair:4   | Noticed Nergalle
 19043 | Lair:4   | Noticed an eight-headed hydra
 19215 | Lair:4   | Reached skill level 5 in Evocations
 19290 | Lair:4   | Killed Nergalle
 19438 | Lair:4   | Killed an eight-headed hydra
 19597 | Lair:4   | Noticed a four-headed hydra
 19598 | Lair:4   | Found a staircase to the Swamp.
 19602 | Lair:4   | Killed a four-headed hydra
 19602 | Lair:4   | Reached XP level 13. HP: 64/64 MP: 15/31
 19603 | Lair:4   | Noticed Rupert
 20703 | Lair:5   | Reached skill level 5 in Summonings
 20794 | Lair:5   | Found a viscous altar of Jiyva.
 20795 | Lair:5   | Found a staircase to the Slime Pits.
 21068 | Lair:5   | Reached skill level 5 in Conjurations
 21068 | Lair:5   | Reached skill level 5 in Invocations
 21431 | Lair:6   | Entered Level 6 of the Lair of Beasts
 21906 | Lair:6   | Reached skill level 15 in Stealth
 23019 | Lair:6   | Learned a level 3 spell: Dazzling Spray
 23285 | Lair:6   | Reached XP level 14. HP: 46/68 MP: 16/33
 23690 | Lair:6   | Found a large runed door.
 23691 | Lair:6   | Found a large runed door.
 24184 | Lair:4   | Noticed stickyfingers's ghost (journeyman TeAK)
 24225 | Lair:4   | Killed stickyfingers's ghost
 24442 | D:9      | Reached skill level 16 in Stealth
 24446 | D:9      | Noticed Psyche
 24469 | D:9      | Killed Psyche
 24481 | D:9      | Noticed Maurice
 24495 | D:9      | Killed Maurice
 24645 | D:9      | Noticed Grum
 24654 | D:9      | Killed Grum
 24765 | D:9      | Gained mutation: You have large cloven feet. [potion of beneficial mutation]
 25209 | Orc:1    | Entered Level 1 of the Orcish Mines
 25751 | Orc:2    | Entered Level 2 of the Orcish Mines
 25751 | Orc:2    | Found a staircase to the Elven Halls.
 26629 | Orc:2    | Noticed an orc warlord
 26927 | Orc:1    | Noticed an orc warlord
 27193 | Orc:2    | Killed an orc warlord
 27367 | Orc:1    | Killed an orc warlord
 28024 | Orc:2    | Upgraded the game from 0.20-a0-517-g5f97612 to 0.20-a0-522-g0b37eee
 28358 | Orc:2    | Found Keish's Antique Armour Shoppe.
 28359 | Orc:2    | Found Ynymp's Antique Weapon Emporium.
 28360 | Orc:2    | Found Piexa's General Store.
 28360 | Orc:2    | Found Ycuapayx's Jewellery Shoppe.
 28384 | Orc:2    | Bought the +5 quick blade "Fuguicso" {pain, rElec rPois rF++} for 1374 gold pieces
 28402 | Orc:2    | Bought a runed robe for 167 gold pieces
 28676 | D:12     | Reached skill level 15 in Spellcasting
 28817 | D:12     | Reached skill level 17 in Stealth
 28994 | D:12     | Noticed Harold
 29001 | D:12     | Killed Harold
 29415 | D:12     | Reached XP level 15. HP: 71/73 MP: 33/35
 29553 | D:12     | Found a portal to a secret trove of treasure.
 29959 | D:13     | Found Cuitzedy's Jewellery Shop.
 30065 | D:13     | Found Reahem Goak's Weapon Boutique.
 30473 | D:13     | Found a blossoming altar of Fedhas.
 31428 | D:14     | Learned a level 6 spell: Freezing Cloud
 31612 | D:14     | Found a gate to the Vaults.
 31886 | D:15     | Entered Level 15 of the Dungeon
 31888 | D:15     | Found a staircase to the Depths.
 32110 | D:15     | Found a deep blue altar of Sif Muna.
 32257 | D:15     | Reached skill level 1 in Ice Magic
 33471 | D:15     | Found a shadowy altar of Dithmenos.
 33778 | D:15     | Reached skill level 18 in Stealth
 34303 | Swamp:1  | Entered Level 1 of the Swamp
 34809 | Swamp:1  | Reached XP level 16. HP: 65/80 MP: 10/37
 34939 | Lair:4   | Killed Rupert
 36967 | Swamp:2  | Upgraded the game from 0.20-a0-522-g0b37eee to 0.20-a0-526-g753eaab
 37093 | Swamp:2  | Noticed a thorn hunter
 37100 | Swamp:2  | Killed a thorn hunter
 37758 | Swamp:2  | Identified a scroll of acquirement
 37955 | Swamp:3  | Noticed Louise
 37964 | Swamp:3  | Killed Louise
 38341 | Swamp:3  | Noticed Donald
 39381 | Swamp:3  | Learned a level 6 spell: Simulacrum
 39785 | Swamp:3  | Killed Donald
 39785 | Swamp:3  | Reached skill level 1 in Necromancy
 40216 | Swamp:4  | Entered Level 4 of the Swamp
 40425 | Snake:1  | Entered Level 1 of the Snake Pit
 40969 | Elf:1    | Entered Level 1 of the Elven Halls
 40970 | Elf:1    | Reached skill level 19 in Stealth
 41288 | Elf:1    | Reached XP level 17. HP: 85/85 MP: 23/40
 41677 | Elf:1    | Noticed a Hell Sentinel
 41678 | Elf:1    | Noticed a Hell Sentinel
 43067 | Elf:2    | Reached skill level 5 in Shields
 43267 | Elf:2    | Reached skill level 5 in Necromancy
 43656 | Elf:2    | Got a bound lead ring
 43662 | Elf:2    | Identified the ring "Voeh" {Fire rPois Str+5 Dex+3} (You took it off a deep elf mage on level 2 of the Elven Halls)
 43784 | Elf:2    | Found Hotya's Elven Fire.
 44203 | Elf:2    | Found a huge runed gate.
 44205 | Elf:2    | Found a huge runed gate.
 44208 | Elf:2    | Found a huge runed gate.
 44335 | Elf:3    | Entered Level 3 of the Elven Halls
 44596 | Swamp:1  | Upgraded the game from 0.20-a0-526-g753eaab to 0.20-a0-537-g052e6ba
 45970 | Swamp:4  | Reached XP level 18. HP: 88/93 MP: 25/41
 45972 | Swamp:4  | Noticed a tentacled monstrosity
 45981 | Swamp:4  | Killed a tentacled monstrosity
 46202 | Swamp:4  | Reached skill level 20 in Stealth
 46541 | Swamp:4  | Got a decaying rune of Zot
 46945 | Vaults:1 | Entered Level 1 of the Vaults
 47128 | Vaults:1 | Found a ruined gateway.
 47133 | Desolati | Entered the Desolation of Salt
 47437 | Desolati | Got a scintillating lead ring
 47438 | Desolati | Identified the ring "Sadaatem" {-Tele AC+2 Int+5 Dex+2 SInv} (You found it in the Desolation of Salt)
 47459 | Desolati | Learned a level 3 spell: Confuse
 47759 | Desolati | Reached skill level 21 in Stealth
 48808 | Desolati | Got a brightly glowing zirconium amulet
 48809 | Desolati | Identified the amulet "Syamopp" {Inacc +Fly Dex+5} (You found it in the Desolation of Salt)
 48811 | Desolati | Identified the Handbook of Unstable Conjuration
 49250 | Desolati | Reached skill level 22 in Stealth
 49457 | Vaults:1 | Reached skill level 10 in Dodging
 49760 | Vaults:1 | Slain by a deep troll shaman

Vault maps used:
D:1:      minmay_arrival_five_plusses
D:4:      minmay_temple_entry_poolview, serial_shops, nicolae_shop_stone,
          hangedman_abyss_or_decor_lesser_grid, minmay_distorted
D:5:      first_bread, uniq_menkaure
D:6:      enter_ossuary_4, minmay_unpleasant_kobolds, uniq_eustachio,
          uniq_edmund
D:7:      trog_wizard, uniq_pikel
D:8:      hangedman_little_slice_of_home, uniq_gastronok
D:9:      minmay_diamond_stairs, david_lair_generic, uniq_grum, uniq_maurice,
          uniq_psyche
D:10:     orc_0_dummy, serial_bayou, serial_bayou_pond_d, serial_bayou_lake_a,
          serial_bayou_lagoon_a, serial_bayou_pond_b, enter_bailey_2
D:12:     nicolae_trove_entry_columns, uniq_harold
D:13:     serial_shops, shop, shop, fedhas_altar_decomposition
D:14:     grunt_vaults_entry_tiered, hangedman_abyss_or_decor_stabs
D:15:     gammafunk_depths_entry_grave, grunt_dithmenos_smoke_and_mirrors,
          lemuel_oklob_altar
Temple:   kilobyte_greek_temple
Lair:1:   infiniplex_staircase_pool_2
Lair:2:   minmay_snake_entry_six_corridors, uniq_erica
Lair:3:   grunt_megastairs_4, serial_bayou_shore_a, uniq_sonja
Lair:4:   minmay_swamp_entry_reptiles, lemuel_old_faithful, lemuel_fruit_tree,
          uniq_nergalle, uniq_rupert
Lair:5:   slime_altar_1
Lair:6:   cheibrodos_lair_end_hotspot, serial_bayou_shore_b
Swamp:1:  evilmike_swamp_ruin_house_2, swamp_pool2, hangedman_swamp_cone,
          infiniplex_staircase_pool
Swamp:2:  evilmike_swamp_ruin_house_3
Swamp:3:  hangedman_swamp_ruin_wall, swamp_pool5,
          nicolae_swamp_hydra_murder_den, uniq_louise, uniq_donald
Swamp:4:  swamp_vile, swamp_pool1, nicolae_swamp_very_dense_foliage
Snake:1:  serial_bayou, serial_bayou_ford_a, serial_bayou_pond_e,
          serial_bayou_pond_a, serial_bayou_pond_a, special_room
Orc:2:    st_orc_congregation
Elf:1:    eino_elf_arrival_the_gate, hangedman_elf_represent,
          nicolae_elf_big_sculpture_3, roderic_lattice_octagonal_star
Elf:2:    guppyfry_elf_lava
Elf:3:    minmay_elf_hall_hex
Vaults:1: ontoclasm_vaults_pinch, nicolae_vaults_little_squares_6,
          grunt_vaults_bifocal, hangedman_vaults_slice,
          nicolae_vaults_yaktaur_gun_rack, nicolae_vaults_alarming,
          ontoclasm_vaults_ligature, vaults_room_hallway, vaults_mumra_chevron,
          v_misc_15, portal_desolation_entry_salt
Ossuary:  ossuary_boxes_badplayer
Bailey:   bailey_axe_4, bailey

Skill      XL: |  1  2  3  4  5  6  7  8  9 10 11 12 13 14 15 16 17 18 |
---------------+-------------------------------------------------------+-----
Conjurations   | 1 2 3 4 6 7 8 9 |  9.0
Stealth        | 4 5 6 8 9 12 14 15 17 18 19 22 | 22.2
Summonings     | 1 2 3 4 6 7 |  7.1
Spellcasting   | 5 7 9 11 12 13 14 15 16 18 | 18.0
Short Blades   | 1 4 6 8 9 |  9.5
Fighting       | 2 4 5 6 7 8 9 |  9.8
Dodging        | 5 8 9 10 | 10.2
Hexes          | 1 3 |  3.4
Translocations | 2 |  2.4
Poison Magic   | 1 |  1.3
Air Magic      | 1 3 4 |  4.6
Charms         | 1 3 |  3.3
Invocations    | 1 4 6 8 |  8.1
Evocations     | 1 5 6 |  6.2
Shields        | 3 6 7 |  7.3
Ice Magic      | 2 3 |  3.5
Necromancy     | 2 6 7 |  7.8

Action                   |  1- 3 |  4- 6 |  7- 9 | 10-12 | 13-15 | 16-18 || total
-------------------------+-------+-------+-------+-------+-------+-------++-------
Melee: Unarmed           |     6 |       |       |       |       |       ||     6
       Dagger            |       |    44 |   172 |   303 |   356 |       ||   875
       Short sword       |       |       |    51 |    57 |    14 |    34 ||   156
       Quick blade       |       |       |       |       |   276 |   369 ||   645
       Kick              |       |       |       |       |    78 |   100 ||   178
       Rapier            |       |       |       |       |       |   113 ||   113
Throw: Tomahawk          |       |       |     2 |       |       |       ||     2
 Cast: Magic Dart        |    92 |   171 |   276 |   472 |   330 |   222 ||  1563
       Repel Missiles    |     1 |       |     2 |     3 |     2 |       ||     8
       Call Imp          |       |    16 |    25 |    31 |    11 |     2 ||    85
       Conjure Flame     |       |     1 |       |       |       |       ||     1
       Mephitic Cloud    |       |     3 |    28 |    62 |    18 |       ||   111
       Blink             |       |       |     1 |     1 |       |     8 ||    10
       Iskenderun's Myst |       |       |       |    49 |   423 |   395 ||   867
       Dazzling Spray    |       |       |       |       |   145 |   154 ||   299
       Freezing Cloud    |       |       |       |       |       |    20 ||    20
       Spellforged Servi |       |       |       |       |       |    15 ||    15
Evoke: Wand              |       |       |     3 |     1 |     2 |     7 ||    13
       Sack of spiders   |       |       |       |       |       |     1 ||     1
       Lightning rod     |       |       |       |       |       |     4 ||     4
       Fan of gales      |       |       |       |       |       |     1 ||     1
  Use: Scroll            |     5 |     8 |     8 |     8 |    19 |    22 ||    70
       Potion            |       |       |     4 |     3 |     2 |    16 ||    25
 Stab: Sleeping          |       |     5 |    30 |    22 |    53 |    74 ||   184
       Confused          |       |     2 |     6 |    11 |    11 |       ||    30
       Distracted        |       |     1 |     2 |     2 |     1 |    16 ||    22
       Invisible         |       |       |       |       |    36 |    23 ||    59
       Petrified         |       |       |       |       |     1 |       ||     1
  Eat: Royal jelly       |       |     2 |     1 |     3 |     7 |     6 ||    19
       Bread ration      |       |       |       |     1 |       |       ||     1
Armor: Robe              |     3 |     4 |    21 |    19 |    30 |    41 ||   118
Dodge: Dodged            |    23 |    47 |   243 |   338 |   364 |   450 ||  1465
       Deflected         |       |     2 |     1 |     5 |     7 |     4 ||    19
Block: Other             |       |     4 |    10 |    15 |       |       ||    29
       Reflection        |       |       |       |     3 |    12 |     2 ||    17
       Buckler           |       |       |       |    35 |   166 |   279 ||   480
